 Dungeon Crawl Stone Soup version 0.26.1-2-gb8aa6d0cf2 (webtiles) character file.

Game seed: 11671192140385459109

80 Thatpatchoflichen the Skirmisher (level 4, -3/48 HPs)
             Began as an Ogre Gladiator on Mar 26, 2021.
             Slain by a gnoll
             ... wielding a +0 club
              (7 damage)
             ... on level 2 of the Dungeon.
             The game lasted 00:04:12 (1881 turns).

Thatpatchoflichen the Skirmisher (Ogre Gladiator)   Turns: 1881, Time: 00:04:13

Health: -3/48      AC:  3    Str: 18    XL:     4   Next: 39%
Magic:  4/4        EV: 11    Int:  9    God:
Gold:   76         SH:  0    Dex: 11    Spells: 3/3 levels left

rFire    . . .     SeeInvis .   a - +0 flail
rCold    . . .     Faith    .   (no shield)
rNeg     . . .     Spirit   .   b - +0 robe
rPois    .         Reflect  .   c - +0 hat
rElec    .         Harm     .   (no cloak)
rCorr    .         Rampage  .   (gloves unavailable)
Will     .....                  (boots unavailable)
Stlth    +.........             (no amulet)
HPRegen  0.16/turn              (no ring)
MPRegen  0.09/turn              (no ring)

@: no status effects
A: large, unfitting armour, tough skin 1
a: no special abilities


You were on level 2 of the Dungeon.
You visited 1 branch of the dungeon, and saw 3 of its levels.

You collected 76 gold pieces.

Inventory:

Hand Weapons
 a - a +0 flail (weapon)
Missiles
 d - 3 throwing nets (quivered)
 h - 16 poisoned darts
Armour
 b - a +0 robe (worn)
 c - a +0 hat (worn)
Jewellery
 n - an uncursed ring of magical power {unknown}
Scrolls
 e - a scroll of immolation {unknown}
 f - a scroll of remove curse {unknown}
 g - a scroll of enchant armour {unknown}
 i - 2 scrolls of identify {unknown}
Potions
 j - 2 potions of degeneration {unknown}
 k - a potion of brilliance {unknown}
 l - a potion of heal wounds {unknown}
 m - a potion of curing {unknown}


   Skills:
 + Level 3.8 Fighting
 + Level 3.2 Maces & Flails
 - Level 2.0 Throwing
 * Level 3.7 Dodging


You had 3 spell levels left.
You didn't know any spells.
Your spell library was empty.

Dungeon Overview and Level Annotations

Branches:
Dungeon (3/15)

Altars:
Nemelex Xobeh


Innate Abilities, Weirdness & Mutations

You are too large for most types of armour.
You have tough skin. (AC +1)


Message History

The orc is heavily wounded.
The orc hits you. The gnoll hits you with a +0 club.
You barely miss the orc.
The orc is heavily wounded.
The orc closely misses you. The gnoll hits you with a +0 club!
* * * LOW HITPOINT WARNING * * *
The orc barely misses you.
You closely miss the gnoll. The gnoll barely misses you.
The orc hits you but does no damage.
You closely miss the gnoll. The gnoll hits you with a +0 club.
* * * LOW HITPOINT WARNING * * *
The orc barely misses you.
You hit the gnoll but do no damage. The gnoll hits you with a +0 club.
* * * LOW HITPOINT WARNING * * *
The orc hits you but does no damage.
You completely miss the gnoll. The gnoll barely misses you. The orc hits you.
* * * LOW HITPOINT WARNING * * *
You barely miss the gnoll. The gnoll hits you but does no damage.
The orc closely misses you. The gnoll hits you with a +0 club!
You die...

...#.......#
#..#
......######
##..#
......###
#...#
.>......#
#(.##
..#####.#
#..# ..# #.#
#..# #.# #.#
##..# #.#
#.# #.÷.#
#.# #.# #÷@#
### ### #go#
8## #..# ..8
##.# ...
#######.#
...
?.......#
...
#######.#
..8 #.# 8##
#.#


You could see a gnoll and an orc.

Vanquished Creatures
  A gnoll (D:2)
  2 adders (D:2)
  A worm (D:2)
  2 dart slugs (D:1)
  2 leopard geckos
  A ball python (D:1)
  3 giant cockroaches (D:1)
  3 goblins (D:1)
  5 hobgoblins
  3 jackals
  6 bats
  2 frilled lizards
  9 kobolds (D:1)
  A rat (D:1)
41 creatures vanquished.

Vanquished Creatures (others)
  A quokka (D:3)
1 creature vanquished.

Grand Total: 42 creatures vanquished

Notes
Turn   | Place    | Note
-------+----------+-------------------------------------------
     0 | D:1      | Thatpatchoflichen the Ogre Gladiator began the quest for
                  | the Orb.
     0 | D:1      | Reached XP level 1. HP: 22/22 MP: 1/1
    75 | D:1      | Reached XP level 2. HP: 29/29 MP: 2/2
   358 | D:1      | Reached XP level 3. HP: 28/37 MP: 3/3
  1353 | D:2      | Reached XP level 4. HP: 39/46 MP: 4/4
  1447 | D:2      | Found a sparkling altar of Nemelex Xobeh.
  1454 | D:2      | Found a sparkling altar of Nemelex Xobeh.
  1881 | D:2      | Slain by a gnoll

Illustrated notes

Levels and vault maps discovered:
D:1:      nicolae_arrival_washed_ashore, layout_rooms
D:2:      layout_loops_ring, nicolae_overflow_hidden_temple,
          nemelex_xobeh_ov_fountains_minmay
D:3:      layout_loops_cross, overflow_temple_1_default, fiery_altar_vehumet,
          elyvilon_altar_5, lemuel_round_altar, minmay_goblin_outpost

Skill      XL: |  1  2 |
---------------+-------+-----
Fighting       | 3 |  3.8
Dodging        | 3 |  3.7
Maces & Flails | 3 |  3.2
Throwing       | |  2.0

Action                   |  1- 3 |  4- 6 || total
-------------------------+-------+-------++-------
Melee: Flail             |    95 |    28 ||   123
Armor: Robe              |    72 |    15 ||    87
Dodge: Dodged            |   119 |    33 ||   152
